 Dungeon Crawl Stone Soup version 0.29-a0-323-g050149af67 (webtiles) character file.

Game seed: 8334087944848101896

14 Dabor the Slicer (level 2, -5/23 HPs)
             Began as a Gnoll Wanderer on Apr 10, 2022.
             Was a Follower of Qazlal.
             Slain by a gnoll
             ... wielding a +0 whip
              (8 damage)
             ... on level 1 of the Dungeon.
             The game lasted 00:00:37 (443 turns).

Dabor the Slicer (Gnoll Wanderer)                    Turns: 443, Time: 00:00:38

Health: -5/23      AC:  2    Str: 11    XL:     2   Next: 41%
Magic:  2/2        EV: 11    Int: 11    God:    Qazlal [*.....]
Gold:   0          SH:  6    Dex: 11    Spells: 1/1 levels left

rFire   . . .      SeeInvis .   a - +0 rapier
rCold   . . .      Faith    .   c - +0 buckler
rNeg    . . .      Spirit   .   e - +0 robe
rPois   .          Reflect  .   (no helmet)
rElec   .          Harm     .   (no cloak)
rCorr   .          Rampage  .   (no gloves)
Will    .....                   (no boots)
Stlth   ++........              (no amulet)
HPRegen 0.07/turn               (no ring)
MPRegen 0.08/turn               (no ring)

@: no status effects
A: fangs 1, strong nose, distributed training
a: Renounce Religion


You were on level 1 of the Dungeon.
You worshipped Qazlal.
Qazlal was aware of your devotion.
You visited 1 branch of the dungeon, and saw 1 of its levels.

Inventory:

Hand Weapons
 a - a +0 rapier (weapon)
 b - a +0 quarterstaff
Missiles
 h - 5 silver javelins (quivered)
Armour
 c - a +0 buckler (worn)
 e - a +0 robe (worn)
Scrolls
 d - a scroll of fear
 f - a scroll of amnesia {unknown}
 k - a scroll of blinking {unknown}
Potions
 g - a potion of curing {unknown}
 i - a potion of resistance {unknown}
 j - a potion of flight {unknown}


   Skills:
 + Level 2.5 Fighting
 + Level 10.4 Short Blades
 + Level 0.4 Long Blades
 + Level 0.4 Axes
 + Level 0.4 Maces & Flails
 + Level 0.4 Polearms
 + Level 2.5 Staves
 + Level 0.4 Slings
 + Level 0.4 Bows
 + Level 0.4 Crossbows
 + Level 0.4 Throwing
 + Level 0.4 Armour
 + Level 0.4 Dodging
 + Level 2.2 Stealth
 + Level 4.5 Shields
 + Level 0.4 Unarmed Combat
 + Level 0.4 Spellcasting
 + Level 0.2 Conjurations
 + Level 0.2 Hexes
 + Level 0.2 Summonings
 + Level 0.2 Necromancy
 + Level 0.2 Translocations
 + Level 0.2 Transmutations
 + Level 0.2 Fire Magic
 + Level 0.2 Ice Magic
 + Level 0.2 Air Magic
 + Level 0.2 Earth Magic
 + Level 0.2 Poison Magic
 + Level 0.5 Invocations
 + Level 0.4 Evocations


You had one spell level left.
You didn't know any spells.
Your spell library was empty.

Dungeon Overview and Level Annotations

Branches:
Dungeon (1/15)

Altars:
Qazlal


Innate Abilities, Weirdness & Mutations

You have very sharp teeth.
Your uncanny sense of smell can sniff out nearby items.
Your experience applies equally to all skills.


Message History

A hobgoblin is nearby!
A gnoll comes into view. It is wielding a +0 whip.
The gnoll shouts!
The hobgoblin hits you.
You hit the hobgoblin.
The hobgoblin is almost dead.
The hobgoblin barely misses you.
You hit the hobgoblin but do no damage.
The hobgoblin is almost dead.
You closely miss the hobgoblin.
The hobgoblin is almost dead.
The hobgoblin hits you.
There are monsters nearby!
You hit the hobgoblin.
You kill the hobgoblin!
Qazlal accepts your kill.
An endoplasm comes into view.
There are monsters nearby!
The gnoll hits you with a +0 whip.
There are monsters nearby!
The endoplasm quivers.
You hit the gnoll.
The gnoll is heavily wounded.
There are monsters nearby!
You hit the gnoll.
The gnoll is severely wounded.
The gnoll hits you with a +0 whip!
The endoplasm jiggles.
There are monsters nearby!
You are too injured to fight recklessly!
There are monsters nearby!
You are too injured to fight recklessly!
There are monsters nearby!
You are too injured to fight recklessly!
There are monsters nearby!
You are too injured to fight recklessly!
The gnoll hits you with a +0 whip.
* * * LOW HITPOINT WARNING * * *
The gnoll hits you with a +0 whip!
You die...

# ########### ∆
. #.......... #.
#.######### #.
#.# ...
####.#########.#
...
.......>.......#
...
#.#....########
###.g# #.@# #..#
#.J# #..# #..#
#..# ...# ....


You could see a gnoll and an endoplasm.

Vanquished Creatures
  An endoplasm (D:1)
  A giant cockroach (D:1)
  2 goblins (D:1)
  3 hobgoblins (D:1)
  A ball python (D:1)
  3 frilled lizards (D:1)
  A kobold (D:1)
  A rat (D:1)
13 creatures vanquished.

Notes
Turn   | Place    | Note
-------+----------+-------------------------------------------
     0 | D:1      | Reached skill level 10 in Short Blades
     0 | D:1      | Dabor the Gnoll Wanderer began the quest for the Orb.
     0 | D:1      | Dabor set off with the following items: a +0 rapier, a +0
                  | quarterstaff, a +0 buckler, a scroll of fear, a +0 robe
     0 | D:1      | Reached XP level 1. HP: 17/17 MP: 1/1
   196 | D:1      | Reached XP level 2. HP: 23/23 MP: 2/2
   388 | D:1      | Found a faded altar of an unknown god.
   406 | D:1      | Prayed at the altar of an unknown god.
   406 | D:1      | Became a worshipper of Qazlal Stormbringer
   406 | D:1      | Reached * piety under Qazlal
   443 | D:1      | Slain by a gnoll

Illustrated notes

Levels and vault maps discovered:
D:1:      lemuel_arrival_cross, layout_loops_ring,
          hellmonk_ecumenical_altar_heavens_door

Skill      XL: | |
---------------+-+-----
Short Blades   | | 10.4
Fighting       | |  2.5
Long Blades    | |  0.4
Axes           | |  0.4
Maces & Flails | |  0.4
Polearms       | |  0.4
Staves         | |  2.5
Slings         | |  0.4
Bows           | |  0.4
Crossbows      | |  0.4
Throwing       | |  0.4
Armour         | |  0.4
Dodging        | |  0.4
Stealth        | |  2.2
Shields        | |  4.5
Unarmed Combat | |  0.4
Spellcasting   | |  0.4
Conjurations   | |  0.2
Hexes          | |  0.2
Summonings     | |  0.2
Necromancy     | |  0.2
Translocations | |  0.2
Transmutations | |  0.2
Fire Magic     | |  0.2
Ice Magic      | |  0.2
Air Magic      | |  0.2
Earth Magic    | |  0.2
Poison Magic   | |  0.2
Invocations    | |  0.5
Evocations     | |  0.4

Action                   || total
-------------------------++-------
Melee: Rapier            ||    27
       Bite              ||     1
 Stab: Sleeping          ||     4
Dodge: Dodged            ||     9
Block: Buckler           ||     2

Table legend: (Time is in decaauts)
 A = Elapsed time spent in this place.
 B = Non-inter-level travel time spent in this place.
 C = Inter-level travel time spent in this place.
 D = Time resting spent in this place.
 E = Time spent auto-exploring this place.
 F = Levels seen in this place.
 G = Mean time per level.
                   A        B        C        D        E       F      G
               +--------+--------+--------+--------+--------+-----+--------+
         Total |    435 |    435 |      0 |      0 |    352 |   1 |  435.0 |
       Dungeon |    435 |    435 |      0 |      0 |    352 |   1 |  435.0 |
               +--------+--------+--------+--------+--------+-----+--------+

Top non-repeatable levels by time:
     D:1: 435 daAuts
